Map: 2000 Atmospheres LE

Players

Nina - Winner!

  • Race: Protoss Protoss

Vindicta

  • Race: Terran Terran

VOD

Have the link to the VOD?

Description

Time

  • Played on: Oct. 7, 2021, 4:21 p.m.
  • Length: 21:21
Show
View Real Time Build Order
Export as new Build Order

Nina Protoss - Winner!

Build Orders: 1 Gate Expand, Blink Stalkers, Colossus Rush 

Get SALT Encoding   

  12  0:00  Probe  
  13  0:12  Probe  
  14  0:19  Pylon  
  14  0:24  Probe  
  15  0:37  Gateway, Probe (Chrono Boost)  
  16  0:46  Probe (Chrono Boost)  
  16  0:48  Assimilator  
  17  0:51  Probe  
  18  1:03  Probe  
  19  1:15  Probe  
  20  1:24  Cybernetics Core  
  20  1:32  Nexus  
  20  1:38  Pylon  
  20  1:41  Probe  
  21  1:51  Assimilator  
  21  1:53  Probe  
  22  1:58  Adept (Chrono Boost)  
  24  2:01  Warp Gate  
  24  2:05  Probe  
  25  2:17  Probe  
  25  2:21  Stalker  
  29  2:30  Probe  
  29  2:42  Probe (Chrono Boost)  
  30  2:44  Probe (Chrono Boost)  
  30  2:48  Twilight Council  
  30  2:51  Stalker  
  34  2:53  Probe (Chrono Boost)  
  34  2:54  Probe (Chrono Boost)  
  34  2:58  Probe (Chrono Boost)  
  35  2:59  Probe (Chrono Boost)  
  37  3:09  Probe  
  37  3:10  Gateway  
  37  3:11  Probe  
  39  3:17  Pylon  
  39  3:21  Blink (Chrono Boost)  
  39  3:23  Probe (Chrono Boost)  
  39  3:24  Probe (Chrono Boost)  
  43  3:34  Probe (Chrono Boost)  
  43  3:37  Probe (Chrono Boost)  
  43  3:39  Probe (Chrono Boost)  
  44  3:45  Probe, Pylon  
  43  3:48  Robotics Facility  
  43  3:50  Stalker, Probe  
  46  3:57  Probe  
  46  3:58  Shield Battery  
  46  4:02  Probe  
  48  4:09  Probe  
  49  4:10  Stalker  
  49  4:12  Assimilator  
  49  4:16  Stalker  
  54  4:21  Probe  
  54  4:23  Nexus, Probe  
  55  4:27  Pylon  
  55  4:33  Stalker, Probe  
  55  4:35  Observer (Chrono Boost)  
  55  4:37  Probe  
  60  4:40  Assimilator  
  60  4:46  Probe  
  60  4:47  Robotics Bay  
  60  4:50  Gateway  
  61  4:54  Gateway  
  61  4:56  Observer (Chrono Boost)  
  61  4:58  Probe  
  61  4:59  Probe  
  64  5:02  Gateway  
  64  5:06  Forge  
  64  5:13  Gateway  
  64  5:14  Probe  
  64  5:16  Charge  
  64  5:18  Probe  
  66  5:23  Sentry  
  66  5:27  Zealot  
  70  5:30  Pylon  
  70  5:33  Gateway  
  72  5:36  Colossus (Chrono Boost)  
  72  5:40  Probe  
  72  5:42  Probe  
  78  5:44  Protoss Ground Weapons Level 1 (Chrono Boost)  
  78  5:45  Probe  
  78  5:49  Pylon  
  79  5:52  Probe  
  79  5:54  Probe  
  79  5:55  Sentry  
  84  5:57  Probe (Chrono Boost)  
  84  5:58  Pylon  
  84  6:06  Extended Thermal Lance  
  84  6:09  Probe x2 (Chrono Boost)  
  87  6:13  Probe (Chrono Boost), Pylon  
  87  6:17  Zealot x2  
  87  6:18  Zealot, Probe (Chrono Boost)  
  94  6:19  Probe (Chrono Boost)  
  94  6:21  Probe (Chrono Boost)  
  96  6:28  Colossus  
  102  6:34  Probe  
  102  6:35  Probe, Pylon  
  102  6:36  Probe  
  102  6:37  Assimilator  
  105  6:41  Forge  
  105  6:43  Zealot x2  
  109  6:47  Zealot x2  
  109  6:50  Templar Archives  
  113  6:56  Gateway  
  113  6:58  Pylon  
  113  7:03  Zealot  
  113  7:04  Zealot x3  
  120  7:14  Shield Battery  
  118  7:15  Stalker  
  118  7:16  Stalker  
  118  7:21  Stalker  
  120  7:24  Probe x3  
  123  7:30  Zealot, Observer  
  123  7:32  Zealot  
  123  7:36  Zealot, Probe  
  130  7:40  Zealot  
  130  7:43  Protoss Ground Armor Level 1 (Chrono Boost)  
  130  7:44  Pylon x2  
  132  7:47  Protoss Ground Weapons Level 2 (Chrono Boost)  
  132  7:55  Shield Battery  
  132  7:57  Pylon  
  132  8:00  Zealot  
  132  8:04  Zealot x2  
  132  8:05  Zealot x3  
  143  8:07  High Templar x2  
  143  8:11  Archon  
  143  8:12  Pylon  
  143  8:23  Zealot  
  143  8:29  Zealot x3  
  143  8:34  Zealot x2  
  143  8:38  Probe  
  134  8:44  Stalker x3  
  134  8:45  Probe  
  140  8:49  Probe  
  140  8:50  Probe  
  140  8:52  Assimilator  
  142  8:57  Probe  
  142  8:58  Observer  
  142  9:00  Observer  
  142  9:01  High Templar x2  
  148  9:02  Robotics Facility  
  148  9:05  Nexus  
  148  9:06  Archon  
  148  9:10  Pylon  
  148  9:11  Pylon x2  
  148  9:13  Pylon  
  147  9:28  Stalker x4  
  147  9:29  Zealot x2  
  159  9:36  Stalker x2  
  159  9:38  Probe  
  164  9:43  Protoss Ground Armor Level 2 (Chrono Boost)  
  164  9:45  Nexus  
  164  9:48  Pylon x2  
  164  9:51  Pylon  
  164  9:53  Pylon  
  164  10:00  Pylon  
  164  10:02  Pylon  
  164  10:04  Pylon  
  164  10:06  Pylon  
  164  10:07  Gateway, High Templar x3  
  164  10:09  Probe  
  164  10:12  Archon, High Templar, Protoss Ground Weapons Level 3 (Chrono Boost)  
  173  10:15  Observer  
  173  10:19  Pylon  
  173  10:20  Archon  
  173  10:21  Probe  
  173  10:29  Zealot  
  173  10:30  Zealot  
  173  10:31  Disruptor x2 (Chrono Boost)  
  173  10:35  Probe  
  183  10:41  Shield Battery  
  183  10:43  Photon Cannon, Probe  
  183  10:44  Probe  
  183  10:47  Probe  
  183  10:48  Photon Cannon  
  184  10:55  Probe  
  184  10:56  Probe, Shield Battery  
  186  10:57  Photon Cannon  
  186  10:59  Probe  
  186  11:03  Gateway  
  187  11:05  Observer x2 (Chrono Boost)  
  187  11:07  Observer  
  187  11:08  Probe x3  
  187  11:10  Photon Cannon  
  192  11:11  Assimilator  
  192  11:13  Assimilator  
  192  11:19  Zealot x3  
  192  11:20  Probe  
  199  11:26  Photon Cannon  
  199  11:32  Photon Cannon  
  199  11:34  Photon Cannon, Shield Battery  
  199  11:45  Observer  
  200  11:54  Nexus  
  200  12:00  Dark Shrine  
  200  12:03  Nexus  
  200  12:06  Pylon  
  200  12:08  Pylon  
  200  12:09  Protoss Ground Armor Level 3 (Chrono Boost)  
  200  12:20  Zealot x3  
  200  12:21  Zealot  
  190  12:23  Zealot x3  
  190  12:26  Probe  
  190  12:27  Probe  
  182  12:32  Disruptor x2  
  182  12:33  Stalker x2  
  182  12:34  Stalker, Probe  
  182  12:36  Observer  
  182  12:37  Observer  
  182  12:42  Stalker x3  
  182  12:47  Probe x2  
  182  12:48  Probe  
  182  12:51  Observer  
  185  12:52  Probe  
  185  12:57  Photon Cannon, Shield Battery  
  186  12:59  Pylon  
  186  13:02  Protoss Shields Level 1 (Chrono Boost), High Templar  
  186  13:05  Psionic Storm  
  188  13:07  Disruptor x2  
  194  13:27  Observer  
  194  13:31  Photon Cannon  
  194  13:33  Photon Cannon  
  194  13:36  Assimilator  
  194  13:40  Assimilator  
  194  13:43  Observer, Disruptor  
  194  13:45  Observer  
  194  13:46  Shadow Stride (Chrono Boost)  
  194  13:47  Gateway  
  197  13:50  Gateway x2, Nexus  
  197  13:54  Photon Cannon, Gateway  
  197  13:57  Probe  
  198  14:04  Observer  
  185  14:24  Colossus (Chrono Boost), Disruptor (Chrono Boost)  
  184  14:33  Photon Cannon  
  184  14:36  Photon Cannon  
  184  14:37  Shield Battery  
  184  14:40  Photon Cannon x2  
  184  14:42  Photon Cannon  
  184  14:45  Photon Cannon  
  174  14:48  Stalker  
  174  14:49  Stalker x7, Pylon  
  182  14:55  Disruptor (Chrono Boost)  
  185  15:06  Photon Cannon  
  185  15:09  Pylon  
  185  15:11  Observer  
  185  15:12  Observer  
  178  15:22  Stargate  
  178  15:24  Observer  
  178  15:25  Gravitic Boosters  
  178  15:26  Photon Cannon  
  178  15:27  Photon Cannon  
  179  15:32  Protoss Shields Level 2 (Chrono Boost), Observer  
  180  15:45  Photon Cannon, Observer  
  180  15:48  Photon Cannon, Observer  
  181  15:50  Photon Cannon  
  181  15:53  Photon Cannon  
  181  16:00  Zealot x7  
  181  16:01  Zealot x2  
  197  16:06  Dark Templar  
  197  16:09  Observer  
  198  16:11  Dark Templar  
  195  16:36  Stalker x6  
  195  16:39  Observer  
  188  16:45  High Templar x5  
  189  16:57  High Templar x3  
  189  17:01  Observer  
  182  17:20  Stalker x6  
  182  17:21  Stalker x4  
  192  17:51  Robotics Facility  
  192  17:52  Photon Cannon, Cybernetics Core  
  192  17:54  Pylon x2  
  190  18:00  Fleet Beacon  
  190  18:02  Stargate  
  174  18:22  Photon Cannon  
  174  18:25  Photon Cannon  
  174  18:26  Nexus  
  174  18:27  Photon Cannon  
  174  18:31  Probe x2  
  174  18:32  Probe  
  174  18:33  Pylon  
  174  18:34  Probe  
  178  18:35  Nexus  
  178  18:36  Observer  
  178  18:40  Observer  
  178  18:43  Probe x2  
  178  18:44  Probe  
  181  18:50  Stargate  
  181  18:51  Probe  
  181  18:52  Stargate  
  181  18:53  Photon Cannon  
  182  18:58  Dark Templar x2  
  182  18:59  Dark Templar x3  
  186  19:21  Protoss Air Weapons Level 1 (Chrono Boost)  
  186  19:25  Tempest x2  
  186  19:26  Probe  
  186  19:29  Photon Cannon  
  195  19:31  Observer  
  195  19:32  Photon Cannon  
  195  19:35  Probe  
  195  19:37  Probe  
  195  19:41  Probe  
  191  19:46  Dark Templar x3  
  198  19:53  Observer  
  185  20:00  Tempest x2  
  185  20:05  High Templar x7  
  189  20:08  Probe  
  176  20:32  Zealot x4  
  176  20:33  Zealot x2, Tempest (Chrono Boost)  
  170  20:40  High Templar  
  170  20:41  High Templar  
  170  20:42  Probe x2  
  158  20:54  Probe  
  143  21:01  Zealot  
  143  21:02  Zealot x5  
  152  21:07  Probe  
Show
View Real Time Build Order
Export as new Build Order

Vindicta Terran 

Build Orders: Reaper Expand 

Get SALT Encoding   

  12  0:00  SCV  
  13  0:12  SCV  
  14  0:18  Supply Depot  
  14  0:24  SCV  
  15  0:40  SCV  
  15  0:42  Barracks  
  16  0:44  Refinery  
  16  0:52  SCV  
  17  1:04  SCV  
  18  1:16  SCV  
  19  1:29  Reaper, Orbital Command  
  20  1:47  Command Center  
  20  1:55  SCV  
  20  1:56  Supply Depot  
  20  2:01  Marine  
  21  2:07  SCV  
  23  2:14  Factory  
  23  2:19  SCV, Marine  
  25  2:25  Bunker  
  25  2:31  SCV  
  27  2:38  Barracks Reactor  
  27  2:42  Refinery  
  27  2:43  SCV  
  27  2:55  SCV  
  27  2:58  Hellion  
  30  3:02  Starport, Orbital Command  
  30  3:09  SCV  
  31  3:14  Marine x2  
  31  3:16  Supply Depot  
  33  3:20  Factory Tech Lab  
  33  3:21  SCV  
  34  3:27  SCV  
  34  3:32  Marine x2  
  34  3:33  SCV  
  38  3:39  SCV  
  38  3:40  Siege Tank, Starport Tech Lab  
  42  3:45  SCV  
  43  3:49  Marine  
  43  3:50  Marine  
  43  3:51  SCV  
  43  3:53  Barracks  
  46  3:57  SCV  
  47  4:04  SCV  
  47  4:07  Supply Depot  
  45  4:10  Marine x2  
  45  4:11  SCV  
  45  4:13  Raven  
  45  4:16  SCV  
  51  4:23  SCV  
  52  4:24  Barracks  
  52  4:27  Marine  
  52  4:28  SCV, Refinery  
  52  4:29  Supply Depot  
  54  4:36  Engineering Bay  
  54  4:39  SCV  
  54  4:40  SCV  
  56  4:50  Factory Tech Lab  
  56  4:51  Marauder, SCV, Stimpack  
  56  4:52  Supply Depot, Refinery, Marine x2  
  61  4:54  SCV  
  62  5:03  SCV  
  62  5:06  SCV  
  62  5:07  Starport Reactor  
  63  5:09  Terran Infantry Weapons Level 1, Marine  
  63  5:13  Marauder  
  66  5:15  SCV  
  66  5:18  Marine  
  66  5:19  SCV  
  66  5:20  Barracks  
  69  5:21  Combat Shield, Barracks  
  69  5:30  Supply Depot, Siege Tank  
  69  5:31  SCV  
  69  5:34  Marine  
  75  5:38  Marauder, Marine x2  
  75  5:41  Supply Depot  
  78  5:51  Medivac x2  
  78  5:52  Marine  
  78  5:53  Supply Depot  
  78  5:57  Marine  
  83  6:02  Marauder  
  83  6:03  Marauder  
  88  6:05  Supply Depot  
  88  6:07  Siege Tank  
  91  6:11  Barracks Tech Lab x2  
  90  6:20  Marine  
  90  6:21  Marine  
  90  6:23  Marauder, Supply Depot, Medivac  
  96  6:28  Supply Depot  
  96  6:29  Marauder  
  97  6:37  Concussive Shells  
  97  6:38  SCV, Marine  
  99  6:40  Marine  
  99  6:43  Marine  
  99  6:44  Marauder, Marine  
  103  6:50  Marine  
  104  6:56  Marine  
  104  6:58  Marine  
  105  7:01  Marine  
  105  7:03  Terran Infantry Armor Level 1  
  105  7:04  Marauder  
  105  7:05  SCV x2, Marine  
  111  7:10  Marine  
  111  7:14  Medivac x2  
  115  7:17  Marine  
  115  7:18  Command Center  
  115  7:21  Marine  
  117  7:23  SCV  
  117  7:25  Siege Tank  
  117  7:26  SCV  
  123  7:30  Missile Turret  
  123  7:37  Marine  
  123  7:41  SCV, Marine  
  125  7:45  Supply Depot x2  
  124  7:52  Engineering Bay  
  124  7:54  Marauder  
  124  7:56  SCV  
  127  7:59  Marauder  
  127  8:01  Missile Turret  
  127  8:02  Marine  
  127  8:03  Marauder x2  
  134  8:06  Marine  
  134  8:08  SCV x2  
  137  8:15  Marine  
  136  8:20  SCV x2, Marine  
  136  8:24  Marauder  
  138  8:28  Marauder, Marine  
  138  8:30  Bunker  
  140  8:39  Orbital Command  
  140  8:40  Marine  
  127  8:41  SCV x2  
  127  8:46  Viking  
  131  8:51  Refinery  
  131  8:53  SCV, Siege Tank, Sensor Tower  
  131  8:54  Missile Turret  
  131  8:59  Marauder  
  131  9:00  SCV  
  134  9:03  Marauder  
  134  9:04  Marine  
  134  9:07  SCV, Orbital Command  
  134  9:08  Marine  
  134  9:09  Marauder  
  141  9:10  Viking  
  141  9:13  Marine, Orbital Command  
  141  9:16  Viking  
  146  9:20  Marine  
  147  9:24  Marauder, Marine  
  147  9:25  Siege Tank  
  147  9:28  Marine  
  147  9:30  SCV  
  155  9:35  Ghost Academy  
  153  9:40  Viking  
  155  9:46  Medivac  
  155  9:49  Marine x2  
  155  9:50  Marauder  
  163  9:59  Supply Depot  
  161  10:00  Supply Depot, Refinery  
  161  10:04  Marauder  
  161  10:06  Enhanced Shockwaves  
  163  10:07  Command Center  
  163  10:09  Ghost  
  163  10:12  Ghost  
  168  10:14  SCV  
  168  10:18  Supply Depot  
  168  10:20  Ghost  
  171  10:21  SCV  
  171  10:25  Siege Tank  
  174  10:29  Ghost  
  176  10:38  Ghost  
  176  10:40  Liberator  
  176  10:41  Supply Depot  
  181  10:43  Ghost  
  184  10:54  Bunker  
  184  10:56  Engineering Bay, Armory  
  182  11:01  Ghost  
  182  11:04  Liberator  
  186  11:07  SCV x3  
  192  11:19  SCV x3  
  192  11:22  Missile Turret, Marine  
  192  11:23  Marine  
  197  11:29  Missile Turret, Siege Tank  
  200  11:37  Marine  
  199  11:43  Planetary Fortress, Barracks  
  199  11:45  Terran Infantry Weapons Level 2, Terran Infantry Armor Level 2  
  199  11:46  Barracks  
  199  11:50  Marine  
  199  11:51  Refinery  
  199  11:52  Refinery  
  200  12:04  Terran Ship Weapons Level 1  
  200  12:05  Starport  
  200  12:08  Fusion Core  
  200  12:11  Siege Tank  
  200  12:13  Marine  
  200  12:22  Marauder, Marine  
  183  12:28  Marine  
  183  12:29  Marauder x2  
  163  12:31  Marine  
  154  12:39  Marine  
  154  12:43  Marauder  
  152  12:47  Marauder  
  152  12:48  Marine  
  152  12:49  SCV, Barracks Tech Lab  
  152  12:50  Marauder, Marine  
  157  12:55  Command Center  
  157  12:56  Advanced Ballistics  
  157  12:57  Marine  
  157  12:58  Medivac x2, Sensor Tower  
  155  13:00  Barracks Tech Lab  
  155  13:01  Starport Reactor  
  155  13:05  Marauder  
  161  13:12  Personal Cloaking  
  161  13:15  Ghost Academy  
  161  13:17  Siege Tank  
  161  13:18  Marine  
  163  13:28  Liberator  
  168  13:37  Ghost  
  164  13:41  Liberator x2  
  164  13:46  Nuke  
  169  13:53  Ghost Academy  
  167  14:01  Command Center  
  167  14:08  Sensor Tower  
  167  14:11  Liberator  
  167  14:12  Marine x3  
  167  14:13  Marauder x3, Marine  
  163  14:26  Liberator  
  163  14:27  Liberator  
  163  14:30  Marine x2, Orbital Command  
  169  14:34  Ghost  
  169  14:35  Sensor Tower  
  169  14:37  Terran Infantry Weapons Level 3  
  169  14:38  Nuke  
  167  14:39  Marine  
  164  14:48  Liberator  
  164  14:54  Liberator  
  164  14:59  Terran Infantry Armor Level 3  
  165  15:04  Marine  
  165  15:05  Marauder, Marine  
  165  15:06  Marauder  
  169  15:16  Liberator  
  169  15:19  Liberator  
  174  15:30  Sensor Tower  
  174  15:34  Command Center  
  174  15:38  Ghost  
  174  15:39  Orbital Command  
  174  15:41  Viking, Marine x2  
  174  15:42  Marauder  
  182  15:47  Marine  
  182  15:48  Marauder  
  182  15:49  Ghost  
  187  15:50  Missile Turret  
  187  15:51  Marine  
  188  15:59  Marine x2  
  188  16:03  Marine  
  179  16:05  Marine  
  179  16:07  Marauder  
  179  16:09  Marauder, Marine  
  180  16:17  Ghost, Marine  
  183  16:18  Liberator  
  183  16:20  Ghost  
  183  16:21  Marine  
  183  16:23  Ghost  
  191  16:27  Marauder  
  191  16:29  Ghost  
  191  16:30  Marine  
  191  16:32  Nuke  
  182  16:35  Marine  
  182  16:39  Marine  
  177  16:46  Marine  
  162  16:48  Marine  
  162  16:49  Marine  
  162  16:52  Marine  
  162  16:53  Marine  
  149  16:54  Liberator  
  148  17:03  Marine  
  148  17:04  Marine  
  148  17:07  Marine  
  148  17:24  Orbital Command  
  148  17:30  Orbital Command  
  132  17:37  Marine  
  133  17:55  Medivac  
  135  18:04  Medivac  
  124  18:17  Ghost  
  124  18:23  Ghost  
  126  18:31  Refinery  
  126  18:36  Refinery  
  126  18:39  Orbital Command  
  126  18:45  Marine x3  
  126  18:46  Marine  
  126  18:47  Marine  
  129  18:52  Marine  
  130  18:59  SCV  
  130  19:00  Medivac  
  133  19:02  Marine  
  133  19:03  Marine  
  133  19:04  Marine  
  133  19:09  Medivac, Marine  
  139  19:10  Marine  
  139  19:12  Marine  
  139  19:13  Orbital Command  
  141  19:19  Orbital Command  
  141  19:20  Marine x2  
  141  19:22  Marine  
  144  19:25  Missile Turret  
  144  19:28  Marauder, Ghost  
  144  19:30  Marauder  
  147  19:38  Marine x2  
  147  19:40  Marauder  
  151  19:49  Marine  
  151  19:51  Marauder  
  154  19:56  Marine x2  
  154  19:57  Marauder  
  156  20:01  Marine  
  156  20:02  Liberator  
  156  20:06  Medivac, Marine  
  163  20:13  Marauder  
  163  20:14  Marine x2  
  163  20:18  Marauder  
  163  20:19  Marine  
  163  20:20  Medivac  
  161  20:24  Marine  
  158  20:31  Marine  
  158  20:32  Marine  
  158  20:34  Marauder  
  153  20:36  Ghost  
  153  20:39  Marine  
  153  20:42  Marine  
  155  20:49  Marine x2  
  139  20:55  Marine  
  124  20:58  Marauder  
  124  21:00  Marine  
Tags
 
Add a new tag
Caveats
  • Supply blocks, unpowered buildings, or Contaminate may cause inaccurate times.
  • Supply counts are checked every 10 seconds.